 Dungeon Crawl Stone Soup version 0.27.1-1-g398f81649c (webtiles) character file.

Game seed: 16390215148194239121

249 calewdscratch the Digger (level 6, -6/32 HPs)
             Began as a Gargoyle Earth Elementalist on Sept 10, 2021.
             Mangled by Edmund (9 damage)
             ... on level 4 of the Dungeon.
             The game lasted 00:44:08 (4996 turns).

calewdscratch the Digger (GrEE)                     Turns: 4996, Time: 00:44:08

Health: -6/32      AC:  6    Str: 12    XL:     6   Next: 12%
Magic:  1/11       EV: 12    Int: 17    God:
Gold:   150        SH:  0    Dex: 10    Spells: 8/12 levels left

rFire    . . .     SeeInvis .   k - +0 short sword
rCold    . . .     Faith    .   (no shield)
rNeg     + . .     Spirit   .   b - +0 robe
rPois    ∞         Reflect  .   (no helmet)
rElec    +         Harm     .   (no cloak)
rCorr    .         Rampage  .   (no gloves)
Will     .....                  (no boots)
Stlth    ++........             (no amulet)
HPRegen  0.10/turn              (no ring)
MPRegen  0.12/turn              (no ring)

@: no status effects
A: sickness immunity, AC +4, negative energy resistance 1, electricity
resistance, torment resistance 1, petrification resistance
a: no special abilities


You were on level 4 of the Dungeon.
You visited 1 branch of the dungeon, and saw 4 of its levels.

You collected 150 gold pieces.

Inventory:

Hand Weapons
 f - a +0 flail
 k - a +0 short sword (weapon)
 r - a +0 morningstar
Missiles
 a - 7 curare-tipped darts
 c - 44 stones
 d - 3 poisoned darts
Armour
 b - a +0 robe (worn)
 s - a +0 leather armour
Wands
 q - a wand of iceblast (5)
Scrolls
 g - 5 scrolls of identify {unknown}
 i - a scroll of amnesia {unknown}
 l - a scroll of holy word {unknown}
 n - a scroll of blinking {unknown}
 o - 3 scrolls of teleportation {unknown}
 p - a scroll of immolation {unknown}
Potions
 e - a potion of haste {unknown}
 h - a potion of mutation {unknown}
 j - 5 potions of curing {unknown}
 m - a potion of flight {unknown}


   Skills:
 - Level 1.6 Dodging
 - Level 2.1 Stealth
 + Level 3.6 Spellcasting
 + Level 3.4 Conjurations
 - Level 0.7 Transmutations
 + Level 5.4 Earth Magic


You had 8 spell levels left.
You knew the following spells:

 Your Spells              Type           Power      Damage    Failure   Level
a - Sandblast             Erth           42%        2d11      1%          1
b - Stone Arrow           Conj/Erth      36%        3d9       8%          3

Your spell library contained the following spells:

 Spells                   Type           Power      Damage    Failure   Level
 Passwall                 Tmut/Erth      10%        N/A       7%          2
 Pain                     Necr           12%        1d4       17%         1
 Petrify                  Tmut/Erth      13%        N/A       41%         4
 Bolt of Magma            Conj/Fire/Erth 6%         4d6       80%         5
 Agony                    Necr           3%         N/A       99%         5
 Excruciating Wounds      Necr           1%         N/A       99%         5
 Shatter                  Erth           10%        3d12*     100%        9


Dungeon Overview and Level Annotations

Branches:
Dungeon (4/15)
 Temple: D:4-7

Altars:

Shops:
D:4 *

Annotations:
D:4 Edmund


Innate Abilities, Weirdness & Mutations

You are immune to sickness and miasma.
Your stone body is resilient. (AC +4)
You are immune to poison.
You resist negative energy. (rN+)
You are resistant to electric shocks. (rElec)
You are resistant to unholy torment.
You are immune to petrification.


Message History

Edmund hits you with a +1 flail of holy wrath.
Aiming: Sandblast (safe; 1% risk of failure)
Press: ? - help, Q - select action, (/) - cycle Shift-Dir - straight line, f/p - Edmund
Aim: Edmund, wielding a +1 flail of holy wrath and wearing a +0 scale mail (severely wounded, 83% to hit)
The blast of sand hits Edmund but does no damage.
Edmund is severely wounded.
Edmund hits you with a +1 flail of holy wrath.
You barely miss Edmund.
Edmund is severely wounded.
Edmund hits you with a +1 flail of holy wrath.
You hit Edmund.
Edmund is severely wounded.
Edmund says, "People will remember me!
They'll remember me and die!"
Edmund barely misses you.
Edmund hits you with a +1 flail of holy wrath.
Your magical contamination has completely faded away.
You hit Edmund but do no damage.
Edmund is severely wounded.
Edmund hits you with a +1 flail of holy wrath.
You barely miss Edmund.
Edmund is severely wounded.
Edmund closely misses you.
You hit Edmund but do no damage.
Edmund is severely wounded.
Edmund hits you with a +1 flail of holy wrath!
* * * LOW HITPOINT WARNING * * *
Edmund says, "Everyone always remembers my brother. 'Who's Edmund?' they ask!"
Casting: Sandblast (safe; 1% risk of failure)
Confirm with . or Enter, or press ? or * to list all spells.
The spell is quite dangerous to cast (8% risk of failure)!
Continue anyway?
Aiming: Stone Arrow (quite dangerous; 8% risk of failure)
Press: ? - help, Shift-Dir - straight line, f/p - Edmund
Aim: Edmund, wielding a +1 flail of holy wrath and wearing a +0 scale mail (severely wounded, 72% to hit)
The stone arrow hits Edmund!
Edmund is almost dead.
Edmund completely misses you.
Edmund hits you with a +1 flail of holy wrath.
* * * LOW HITPOINT WARNING * * *
Edmund hits you with a +1 flail of holy wrath!
You die...

##......#.....⌠.....#
#)####...
###...##..........##
##.# ##..
###.............# #..#
###
#####........######.##
###......#..##..#
###...##.....##
###.#...)..#
###@#.....##
#..@......#
##.........#
#.........## #..
##.........# ....
#.........## ....
#.......#.# ....
#.....##..# ..#
#####....)###
#.#####....###...##


You could see Edmund.

Vanquished Creatures
  A howler monkey (D:4)
  An orc priest (D:4)
  An orc wizard (D:3)
  5 adders
  A gnoll (D:4)
  An ufetubus (D:4)
  2 dart slugs
  11 orcs
  3 bats
  4 endoplasms
  A giant cockroach (D:1)
  7 goblins
  6 hobgoblins
  10 jackals
  2 quokkas
  5 ball pythons
  3 frilled lizards
  6 kobolds
  4 rats
74 creatures vanquished.

Notes
Turn   | Place    | Note
-------+----------+-------------------------------------------
     0 | D:1      | calewdscratch the Gargoyle Earth Elementalist began the
                  | quest for the Orb.
     0 | D:1      | Reached XP level 1. HP: 10/10 MP: 3/3
   462 | D:1      | Reached XP level 2. HP: 15/15 MP: 3/5
   641 | D:1      | Reached skill level 1 in Conjurations
  1270 | D:2      | Reached skill level 4 in Earth Magic
  1274 | D:2      | Reached XP level 3. HP: 18/19 MP: 0/6
  1618 | D:2      | Found a faded altar of an unknown god.
  1735 | D:2      | Reached XP level 4. HP: 24/24 MP: 6/8
  2092 | D:2      | Learned a level 3 spell: Stone Arrow
  3765 | D:3      | Reached XP level 5. HP: 16/28 MP: 3/9
  4036 | D:4      | Reached skill level 5 in Earth Magic
  4681 | D:4      | Reached XP level 6. HP: 28/32 MP: 4/11
  4957 | D:4      | Found Eptorill's Assorted Antiques.
  4959 | D:4      | Noticed Edmund
  4996 | D:4      | Mangled by Edmund

Illustrated notes

Levels and vault maps discovered:
D:1:      onia_arrival_pentagram, layout_basic
D:2:      layout_basic, shapermc_ecumenical_altar_mp_highgroup,
          minmay_misc_feat_iff
D:3:      layout_basic, minmay_pentomino_pile
D:4:      minmay_skewed_foursquare, layout_cave_pods, serial_shops, shop,
          minmay_increasing_density, uniq_edmund

Skill      XL: |  1  2  3  4  5 |
---------------+----------------+-----
Conjurations   | 1 2 3 |  3.4
Earth Magic    | 4 5 |  5.4
Spellcasting   | 3 |  3.6
Dodging        | |  1.6
Stealth        | |  2.1
Transmutations | |  0.7

Action                   |  1- 3 |  4- 6 || total
-------------------------+-------+-------++-------
Melee: Hand axe          |     2 |       ||     2
       Flail             |    17 |       ||    17
       Short sword       |     2 |    55 ||    57
 Cast: Sandblast         |    29 |    51 ||    80
       Stone Arrow       |       |    12 ||    12
Armor: Robe              |    13 |    23 ||    36
Dodge: Dodged            |    20 |    48 ||    68
